 Dungeon Crawl Stone Soup version 0.28.0 (webtiles) character file.

Game seed: 843755259818689326

7538 shoop the Basher (level 11, -11/117 HPs)
             Began as an Ogre Warper on Feb 15, 2022.
             Was an Elder of Nemelex Xobeh.
             Shot with an arrow by a centaur warrior (16 damage)
             ... on level 9 of the Dungeon.
             The game lasted 00:23:33 (12169 turns).

shoop the Basher (Ogre Warper)                     Turns: 12169, Time: 00:23:34

Health: -11/117    AC:  7    Str: 21    XL:     11   Next: 16%
Magic:  17/17      EV: 14    Int: 14    God:    Nemelex Xobeh [****..]
Gold:   528        SH:  5    Dex:  8    Spells: 5/14 levels left

rFire   . . .      SeeInvis .   a - +2 dire flail (freeze)
rCold   + . .      Faith    .   (shield currently unavailable)
rNeg    . . .      Spirit   .   V - +2 robe {rC+}
rPois   .          Reflect  +   J - +2 hat
rElec   .          Harm     .   (no cloak)
rCorr   .          Rampage  .   (gloves unavailable)
Will    +....                   (boots unavailable)
Stlth   +.........              g - amulet of reflection
HPRegen 0.29/turn               e - +4 ring of evasion
MPRegen 0.15/turn               v - ring of wizardry

@: no status effects
A: large, unfitting armour, tough skin 1
a: Renounce Religion, Draw Escape, Draw Destruction, Draw Summoning, Triple
Draw, Deal Four


You were on level 9 of the Dungeon.
You worshipped Nemelex Xobeh.
Nemelex Xobeh was greatly pleased with you.
You visited 1 branch of the dungeon, and saw 9 of its levels.
You also visited: Bailey.

You collected 555 gold pieces.
You spent 27 gold pieces at shops.

Inventory:

Hand Weapons
 a - a +2 dire flail of freezing (weapon)
 b - a +2 hunting sling of freezing
 o - a +0 dagger of electrocution
 y - a +0 giant spiked club
 A - a +0 mace
 C - a +0 club
 F - a +0 giant club
 G - a +0 flail
 K - a +0 giant spiked club
Missiles
 d - 4 boomerangs of dispersal (quivered)
 x - 71 sling bullets
 B - 3 boomerangs
 D - 2 throwing nets
 N - a javelin
 O - 2 poisoned darts
 P - 3 large rocks
 R - 2 silver javelins
Armour
 h - a +0 robe
 J - a +2 hat (worn)
 V - a +2 robe of cold resistance (worn)
Jewellery
 e - a +4 ring of evasion (left hand)
 g - an amulet of reflection (around neck)
 v - a ring of wizardry (right hand)
 W - a ring of protection from cold
Wands
 w - a wand of flame (39)
 L - a wand of charming (5)
 S - a wand of paralysis (8)
 U - a wand of mindburst (14)
Scrolls
 c - 3 scrolls of blinking
 f - 3 scrolls of teleportation {unknown}
 j - 4 scrolls of identify
 l - 3 scrolls of enchant armour
 p - a scroll of silence {unknown}
 z - a scroll of holy word {unknown}
 H - a scroll of magic mapping
 M - a scroll of fear {unknown}
 Q - a scroll of enchant weapon {unknown}
 T - a scroll of immolation {unknown}
Potions
 i - 2 potions of resistance {unknown}
 k - 2 potions of haste {unknown}
 m - 4 potions of curing {unknown}
 n - 5 potions of cancellation {unknown}
 q - a potion of berserk rage {unknown}
 r - 2 potions of flight {unknown}
 s - a potion of might
 t - 2 potions of heal wounds {unknown}
 u - 2 potions of lignification {unknown}
 E - 2 potions of ambrosia {unknown}
 I - a potion of mutation {unknown}
Miscellaneous
 X - a box of beasts


   Skills:
 - Level 10.0 Fighting
 * Level 10.9 Maces & Flails
 - Level 1.0 Throwing
 - Level 3.6 Dodging
 - Level 2.4 Spellcasting
 - Level 2.6 Translocations
 - Level 2.0 Transmutations
 - Level 2.0 Earth Magic
 + Level 8.5 Invocations
 + Level 2.6 Evocations


You had 5 spell levels left.
You knew the following spells:

 Your Spells              Type           Power      Damage    Failure   Level
a - Manifold Assault      Tloc           9%         N/A       61%         5
b - Blink                 Tloc           18%        N/A       4%          2
p - Passwall              Tmut/Erth      5%         N/A       6%          2

Your spell library contained the following spells:

 Spells                   Type           Power      Damage    Failure   Level
 Apportation              Tloc           18%        N/A       3%          1
 Sandblast                Erth           14%        2d6       4%          1
 Animate Skeleton         Necr           2%         N/A       9%          1
 Pain                     Necr           4%         1d4       9%          1
 Gell's Gravitas          Tloc           9%         N/A       9%          3
 Lesser Beckoning         Tloc           9%         N/A       9%          3
 Teleport Other           Tloc           9%         N/A       9%          3
 Stone Arrow              Conj/Erth      8%         3d7       17%         3
 Vampiric Draining        Necr           1%         2d6       26%         3
 Alistair's Intoxication  Tmut/Pois      2%         N/A       82%         5


Dungeon Overview and Level Annotations

Branches:
Dungeon (9/15)             Temple (0/1) D:7          Bailey (visited)
   Lair: D:8-11         Orc: D:9-12

Altars:
Nemelex Xobeh

Shops:
D:7 (

Annotations:
D:2 Sigmund


Innate Abilities, Weirdness & Mutations

You are too large for most types of armour.
You have tough skin. (AC +1)


Message History

You feel yourself speed up.
You feel very sick.
You start resting.
You feel sick. x7
You are no longer poisoned.
You start resting.
Your centaur warrior shouts, "No mercy!
Kill them all!"
Your centaur warrior disappears in a puff of smoke! x3
A centaur warrior comes into view.
Unknown command.
Cast which spell? (? or * to list)
Okay, then.
Unknown command.
Search for what [Enter for "bail", or ? for help]? gold The centaur warrior shouts!
You hear a shout!
The centaur warrior wields a +0 shortbow.
The centaur warrior shoots an arrow.
The arrow hits you!
There is an escape hatch in the floor here.
You draw a card...
You have drawn the Orb.
Press: ? - help, Shift-Dir - straight line, f - centaur warrior
Aim: a centaur warrior, wielding a +0 shortbow, wearing a +0 robe and quivering arrows The centaur warrior shoots an arrow.
The arrow closely misses you.
Unknown command.
The centaur warrior shoots an arrow.
The arrow hits you!!
The centaur warrior shoots an arrow.
The arrow hits you!
The orb of destruction hits the centaur warrior!!!
The centaur warrior is almost dead.
The centaur warrior shoots an arrow.
The arrow hits you!
* * * LOW HITPOINT WARNING * * *
A wizard comes into view. It is wielding a +0 dagger.
Unknown command.
You draw a card...
You have drawn the Orb.
Press: ? - help, Shift-Dir - straight line, f - wizard, p - centaur warrior
Aim: a wizard, wielding a +0 dagger and wearing a +0 robe The centaur warrior shoots an arrow.
The arrow hits you!!
* * * LOW HITPOINT WARNING * * *
The centaur warrior shoots an arrow.
The arrow hits you!
You die...
Your body disappears without a glow.

****,,,,,,*,....,*,*..,,,* *,*
*<,,**>,,,,,,...,*,*.#**,***,*
*,*,,,,*'*****..**,*.# *.#,*,*
****,,,,,* *#.,,,*.#*#.*,*,*
,,,,,*,**######.####.#,.,,,*,*
**,,,,,,,....).......#.#,*,*,****
**,*,*,**####.*..*..##.#.#.*,#..,
**,*,,,,,.....≈○☼○*........,,+...
**,*****......*☼@[≈..##....*,#...
**,*,,,,...#..≈☼☼*≈..#,,,##*,#...
*,*,***...#'(≈*)*○..#,,,* *,#...
*,*,,,,......≈≈≈≈≈..#,,,###.#*##
*,*,,,,......$....○c#...#<#.###.
**,*,,,,........(...p....#.....+.
,,,*,,,,......$.##..###..#.#####.
,^^^^,,≈^^.########.###..#.#,,,'.
≈***^,^*#^.......##..##..#.#,**#.


You could see a centaur warrior and a wizard (ally target).

Vanquished Creatures
  An orc knight (Bailey)
  A deep elf pyromancer (Bailey)
  3 slime creatures (D:7)
  A vampire (D:9)
  A wraith (D:9)
  Grum (D:9)
  4 yaks (D:8)
  An acid dragon (D:8)
  3 water moccasins
  5 orc warriors
  A hornet zombie (D:6)
  An ice beast (D:8)
  2 sky beasts
  2 black bears
  A boggart (D:9)
  A centaur (D:5)
  2 wolves (D:9)
  3 ogres
  A phantom (D:6)
  A kobold brigand (D:9)
  Blork the orc (D:6)
  A gnoll sergeant (D:6)
  4 scorpions
  A wyvern zombie (D:7)
  11 wights
  5 hounds
  3 jellies
  5 orc priests
  A centaur skeleton (D:6)
  2 bullfrog skeletons
  2 iguanas (D:5)
  6 orc wizards
  A killer bee zombie (D:6)
  A hound skeleton (D:4)
  2 howler monkey zombies (D:5)
  16 gnolls
  3 adders
  A shadow imp (D:6)
  A white imp (D:6)
  2 ufetubi
  A worm (D:2)
  2 dart slugs
  47 orcs
  8 ball pythons
  3 bats
  5 endoplasms
  A giant cockroach (D:4)
  7 goblins
  10 hobgoblins
  11 jackals
  A quokka (D:3)
  4 frilled lizards
  6 kobolds
  4 rats
215 creatures vanquished.

Vanquished Creatures (collateral kills)
  A sea snake (D:9)
  A hornet (D:9)
  A wight (D:9)
  A goblin (D:9)
4 creatures vanquished.

Grand Total: 219 creatures vanquished

Notes
Turn   | Place    | Note
-------+----------+-------------------------------------------
     0 | D:1      | shoop the Ogre Warper began the quest for the Orb.
     0 | D:1      | Reached XP level 1. HP: 22/22 MP: 3/3
   147 | D:1      | Reached XP level 2. HP: 21/29 MP: 5/5
   883 | D:2      | Reached XP level 3. HP: 32/36 MP: 6/6
   979 | D:2      | Found a faded altar of an unknown god.
   981 | D:2      | Noticed a golden eye
   981 | D:2      | Noticed a golden eye
   982 | D:2      | Noticed a floating eye
   982 | D:2      | Noticed a great orb of eyes
   987 | D:2      | Prayed at the altar of an unknown god.
   987 | D:2      | Became a worshipper of Nemelex Xobeh the Trickster
   987 | D:2      | Reached * piety under Nemelex Xobeh
  1001 | D:2      | Received a gift from Nemelex Xobeh
  1155 | D:1      | Learned a level 2 spell: Blink
  1725 | D:2      | Noticed Sigmund
  1800 | D:3      | Reached skill level 1 in Invocations
  1934 | D:3      | Reached XP level 4. HP: 44/44 MP: 7/7
  2376 | D:3      | Noticed an ogre
  2411 | D:3      | Killed an ogre
  2412 | D:3      | Reached XP level 5. HP: 40/50 MP: 8/8
  3105 | D:3      | Reached XP level 6. HP: 54/61 MP: 9/9
  3532 | D:4      | Reached skill level 5 in Maces & Flails
  3800 | D:4      | Reached XP level 7. HP: 70/70 MP: 10/10
  4494 | D:5      | Entered Level 5 of the Dungeon
  4494 | D:5      | Reached ** piety under Nemelex Xobeh
  4504 | D:5      | Reached skill level 5 in Fighting
  5000 | D:5      | Reached XP level 8. HP: 70/76 MP: 11/11
  5319 | D:5      | Received a gift from Nemelex Xobeh
  5726 | D:5      | Reached skill level 5 in Invocations
  6165 | D:6      | Received a gift from Nemelex Xobeh
  6413 | D:6      | Reached *** piety under Nemelex Xobeh
  6422 | D:6      | Noticed Blork the orc
  6426 | D:6      | Killed Blork the orc
  6518 | D:6      | Reached XP level 9. HP: 92/92 MP: 13/13
  6600 | D:6      | You fall into a shaft and drop 1 floor!
  6928 | D:7      | Killed a large slime creature
  7224 | D:7      | Found a staircase to the Ecumenical Temple.
  8163 | D:6      | Received a gift from Nemelex Xobeh
  8741 | D:7      | Learned a level 2 spell: Passwall
  8954 | D:7      | Found Pochuguo's Firing Range.
  8971 | D:7      | Bought 3 large rocks for 27 gold pieces
  9104 | D:7      | Reached XP level 10. HP: 105/106 MP: 15/15
  9126 | D:8      | Received a gift from Nemelex Xobeh
  9189 | D:8      | Reached skill level 1 in Transmutations
  9189 | D:8      | Reached skill level 1 in Earth Magic
  9774 | D:8      | Received a gift from Nemelex Xobeh
  9838 | D:8      | Learned a level 5 spell: Manifold Assault
 10251 | D:8      | Reached **** piety under Nemelex Xobeh
 10706 | D:9      | Reached skill level 10 in Maces & Flails
 10727 | D:9      | Noticed a wizard
 10805 | D:9      | Reached skill level 1 in Evocations
 10972 | D:9      | Noticed a two-headed ogre
 10988 | D:9      | Found a flagged portal.
 10988 | D:9      | Received a gift from Nemelex Xobeh
 10988 | D:9      | Noticed Grum
 10993 | D:9      | Killed Grum
 11014 | Bailey   | Entered a bailey
 11677 | Bailey   | Noticed an orc knight
 11687 | Bailey   | Killed an orc knight
 11899 | Bailey   | Found a large runed translucent door.
 11899 | Bailey   | Found a large runed translucent door.
 11901 | Bailey   | Noticed a deep elf pyromancer
 11938 | Bailey   | Killed a deep elf pyromancer
 11939 | Bailey   | Reached XP level 11. HP: 116/117 MP: 17/17
 11999 | D:9      | Noticed a sea snake
 11999 | D:9      | a two-headed ogre changed into a sea snake
 12004 | D:9      | Paralysed by a hornet for 1 turns
 12007 | D:9      | Reached skill level 10 in Fighting
 12009 | D:9      | Killed a sea snake
 12164 | D:9      | Noticed a centaur warrior
 12168 | D:9      | Noticed a wizard
 12169 | D:9      | HP: 5/117 [centaur warrior/arrow (18)]
 12169 | D:9      | Shot with an arrow by a centaur warrior

Illustrated notes

Levels and vault maps discovered:
D:1:      dpeg_arrival_radiant, layout_rooms
D:2:      minmay_spotlight, layout_loops_ring,
          hellmonk_ecumenical_altar_watching_god, kennysheep_nub,
          minmay_misc_feat_chi, uniq_sigmund
D:3:      minmay_wonky_spiral, layout_basic
D:4:      layout_rooms
D:5:      layout_cave_pods, amcnicky_mini_pool_small, minivault_11
D:6:      layout_basic, minivault_25, uniq_blork_the_orc
D:7:      layout_basic, minmay_temple_entry_slanted, nicolae_shop_firing_range
D:8:      layout_gridville, kennysheep_generic_room_10
D:9:      cheibrodos_fzero, layout_basic, grunt_qazlal_sundering,
          enter_bailey_5, uniq_prince_ribbit1, uniq_grum

Skill      XL: |  1  2  3  4  5  6  7  8  9 10 11 |
---------------+----------------------------------+-----
Maces & Flails | 2 3 4 5 6 7 9 10 | 10.9
Invocations    | 1 2 3 4 5 7 8 |  8.5
Fighting       | 3 4 5 6 8 9 10 | 10.0
Transmutations | 2 |  2.0
Earth Magic    | 2 |  2.0
Evocations     | 2 |  2.6
Dodging        | 3 |  3.6
Throwing       | |  1.0
Spellcasting   | |  2.4
Translocations | |  2.6

Action                   |  1- 3 |  4- 6 |  7- 9 | 10-12 || total
-------------------------+-------+-------+-------+-------++-------
Melee: Mace              |   130 |    75 |       |       ||   205
       Punch             |     4 |     2 |       |       ||     6
       Flail             |       |    32 |    60 |       ||    92
       Dire flail        |       |       |   205 |   166 ||   371
 Fire: Hunting sling     |       |    51 |    75 |    54 ||   180
Throw: Boomerang         |       |       |     2 |       ||     2
 Cast: Passwall          |       |       |       |     1 ||     1
Invok: Draw Destruction  |       |       |     6 |     9 ||    15
       Draw Summoning    |       |       |     1 |     2 ||     3
       Draw Escape       |       |       |       |     4 ||     4
       Triple Draw       |       |       |       |     1 ||     1
  Use: Scroll            |       |       |       |     2 ||     2
 Stab: Sleeping          |     1 |       |       |       ||     1
Armor: Robe              |    24 |    22 |    39 |    29 ||   114
Dodge: Dodged            |    80 |    79 |   172 |   113 ||   444
Block: Other             |    33 |    27 |    49 |    37 ||   146
       Reflection        |     1 |       |     1 |       ||     2
